 Dungeon Crawl Stone Soup version 0.20.1-1-g8b1a95d (webtiles) character file.

12321 Gukra the Thaumaturge (level 11, -1/84 HPs)
             Began as a Green Draconian Wizard on Aug 31, 2017.
             Was an Elder of Vehumet.
             Slain by a black mamba (7 damage)
             ... on level 3 of the Lair of Beasts on Sept 2, 2017.
             The game lasted 01:22:42 (13504 turns).

Gukra the Thaumaturge (Green Draconian Wizard)     Turns: 13504, Time: 01:22:43

Health: -1/84      AC: 10    Str: 10    XL:     11   Next: 60%
Magic:  18/34      EV: 13    Int: 21    God:    Vehumet [****..]
Gold:   473        SH:  4    Dex: 10    Spells: 6/30 levels left

rFire    . . .     SeeInvis .   w - +0 dagger (elec)
rCold    + . .     Gourm    .   y - +0 buckler
rNeg     . . .     Faith    .   (armour unavailable)
rPois    +         Spirit   .   a - +0 hat
rElec    .         Reflect  .   q - +1 cloak
rCorr    .         Harm     .   z - +0 pair of gloves
MR       .....                  (no boots)
Stlth    ++........             O - amulet of magic regeneration
Regen    0.3/turn               r - ring of protection from cold
MPRegen  0.4/turn               S - ring of magical power

@: short of breath
A: breathe noxious fumes, unfitting armour, poison resistance, cold-blooded, AC
+7
a: Breathe Noxious Fumes, Renounce Religion


You were on level 3 of the Lair of Beasts.
You worshipped Vehumet.
Vehumet was greatly pleased with you.
You were hungry.

You visited 2 branches of the dungeon, and saw 12 of its levels.
You also visited: Ice Cave.

You collected 716 gold pieces.
You spent 243 gold pieces at shops.

Inventory:

Hand Weapons
 t - a +4 quarterstaff of chaos
 w - a +0 dagger of electrocution (weapon)
Missiles
 m - 246 stones (quivered)
 U - 4 poisoned javelins
Armour
 a - a +0 hat (worn)
 q - a +1 cloak (worn)
 y - a +0 buckler (worn)
 z - a +0 pair of gloves (worn)
Jewellery
 e - an uncursed amulet of guardian spirit
 r - a ring of protection from cold (left hand)
 A - an uncursed ring of wizardry
 J - an uncursed ring of positive energy
 K - an uncursed amulet of regeneration
 O - an amulet of magic regeneration (around neck)
 S - a ring of magical power (right hand)
 T - a +3 ring of intelligence
 V - a +4 ring of protection
 X - an uncursed ring of protection from magic
Wands
 h - a wand of acid (11/15)
 l - a wand of acid (4/15)
 v - a wand of polymorph (18/24)
 E - a wand of digging (14/24)
 G - a wand of iceblast (9/15)
 I - a wand of lightning (7/15)
 P - a wand of iceblast (6/15)
 Q - a wand of lightning (10/15)
 W - a wand of lightning (4/15)
Scrolls
 k - 4 scrolls of enchant weapon
 n - a scroll of fear
 x - 2 scrolls of remove curse
 C - 2 scrolls of identify
 M - 6 scrolls of teleportation
 N - a scroll of magic mapping
 R - a scroll of enchant armour
 Z - 2 scrolls of recharging
Potions
 f - 3 potions of haste
 g - a potion of ambrosia
 i - 3 potions of curing
 j - 6 potions of lignification
 o - 4 potions of heal wounds
 s - 2 potions of resistance
 D - 2 potions of flight
 F - a potion of berserk rage
Books
 b - a book of Minor Magic

   Spells                             Type                      Level
   a - Magic Dart                     Conjuration                  1
   b - Blink                          Translocation                2
   c - Call Imp                       Summoning                    2
   d - Slow                           Hexes                        2
   e - Conjure Flame                  Conjuration/Fire             3
   f - Mephitic Cloud                 Conjuration/Poison/Air       3
 L - a book of Misfortune

   Spells                             Type                      Level
   a - Confusing Touch                Hexes                        1
   b - Confuse                        Hexes                        3
   c - Gell's Gravitas                Translocation                3
   d - Petrify                        Transmutation/Earth          4
   e - Metabolic Englaciation         Hexes/Ice                    5
   f - Yara's Violent Unravelling     Hexes/Transmutation          5
 Y - the Incunabulum of Bewitching Intoxication
   (You found it in an ice cave)

   Spells                             Type                      Level
   a - Sting                          Conjuration/Poison           1
   b - Dazzling Spray                 Conjuration/Hexes            3
   c - Portal Projectile              Hexes/Translocation          3
   d - Olgreb's Toxic Radiance        Poison                       4
   e - Silence                        Hexes/Air                    5
Miscellaneous
 u - a fan of gales
 B - a phial of floods
Comestibles
 c - 9 bread rations
 d - 11 meat rations
 p - 5 fruits
 H - a royal jelly


   Skills:
 + Level 4.2 Fighting
 - Level 1.0 Short Blades
 - Level 1.0 Staves
 - Level 4.4 Dodging
 - Level 1.7 Stealth
 - Level 3.6 Shields
 + Level 10.3 Spellcasting
 * Level 9.5 Conjurations
 + Level 3.1 Hexes
 + Level 4.6 Summonings
 + Level 1.1 Translocations
 * Level 2.5 Fire Magic
 + Level 1.0 Ice Magic
 - Level 0.4 Air Magic
 * Level 6.4 Earth Magic
 - Level 0.8 Poison Magic
 + Level 0.4 Evocations


You had 6 spell levels left.
You knew the following spells:

 Your Spells              Type           Power        Failure   Level  Hunger
a - Magic Dart            Conj           ####         1%          1    None
b - Freeze                Ice            ###.         1%          1    None
c - Blink                 Tloc           N/A          6%          2    None
d - Mephitic Cloud        Conj/Pois/Air  ####....     1%          3    None
e - Confuse               Hex            ###.....     5%          3    None
f - Fireball              Conj/Fire      #####.....   4%          5    ####...
g - Stone Arrow           Conj/Erth      #####.       1%          3    None
h - Ignite Poison         Fire/Tmut/Pois ###.....     3%          3    None
i - Sandblast             Erth           #####.       1%          1    None
z - Call Imp              Summ           ####....     1%          2    None


Dungeon Overview and Level Annotations

Branches:
Dungeon (9/15)             Temple (0/1) D:7            Lair (3/6) D:9
  Swamp (0/4) Lair:2       Spider (0/4) Lair:3          Orc (0/2) D:9

Altars:
Cheibriados
Elyvilon
Kikubaaqudgha
Makhleb
Nemelex Xobeh
Okawaru
Ru
Trog
Vehumet
Yredelemnul
The Shining One

Shops:
D:4 *   D:9 *

Annotations:
D:9 jjjjhere's ghost, journeyman DsGl


Innate Abilities, Weirdness & Mutations

You can breathe blasts of noxious fumes.
Your lurid green scales are hard. (AC +7)
You cannot fit into any form of body armour.
Your system is resistant to poisons. (rPois)
You are cold-blooded and may be slowed by cold attacks.


Message History

You block the blink frog's attack.
Your white imp resists with significant effort.
The blink frog blinks!
The black mamba bites you.
Your white imp closely misses the blink frog.
The blink frog hits you!!
* * * LOW HITPOINT WARNING * * *
Unknown command.
Casting: Stone Arrow
Confirm with . or Enter, or press ? or * to list all spells.
Aiming: Stone Arrow
Press: ? - help, Shift-Dir - straight line, f/p - black mamba
Aim: a black mamba (heavily wounded)
The stone arrow hits the black mamba.
The black mamba is almost dead.
The black mamba bites you.
* * * LOW HITPOINT WARNING * * *
The blink frog hits you!
* * * LOW HITPOINT WARNING * * *
The blink frog blinks!
The blink frog evades a web.
The black mamba bites you!
You die...

#..... #.... ..
#.....###...# ......
#....P##...##.. ...
#..........#.. ....
##...........# .....
#...........# #.....
#...........##......
#........5@P..F..F^ ...
##....###P§S..^^F........
##.....#......^^^^...^^..
##.....##.#..#....^^..^...#
#.......##..#..^.^..^^..^.##
##P..<.###...#.....>^......P
#......P##.#......^^.^^^...
#......###.P.....^^..^.^...
##....###........^^........


You could see a black mamba, 3 blink frogs and a friendly white imp.

Vanquished Creatures
  A two-headed ogre (D:8)
  2 ugly things (IceCv)
  A centaur zombie (D:9)
  A black mamba (Lair:3)
  3 ice statues (IceCv)
  Maurice (D:8)
  2 spiny frogs
  2 ice devils (Lair:3)
  Prince Ribbit (D:8)
  3 hippogriffs (Lair:1)
  Sigmund (D:2)
  7 yaks
  Eustachio (D:3)
  A hungry ghost (D:7)
  Menkaure (D:5)
  4 water moccasins
  A soldier ant (D:9)
  Duvessa (D:6)
  2 porcupines (D:9)
  A sky beast (D:9)
  9 ice beasts
  2 phantoms
  4 orc warriors (D:9)
  2 ogres
  4 black bears
  A centaur (D:7)
  2 crocodiles
  Blork the orc (D:4)
  5 bullfrogs
  Dowan (D:6)
  10 scorpions
  8 wights
  A crimson imp (D:5)
  A centaur skeleton (D:7)
  A jelly (D:8)
  7 orc priests
  Crazy Yiuf (D:3)
  7 hounds
  3 bullfrog skeletons
  Ijyb (D:3)
  2 iguanas
  8 orc wizards
  6 worker ants
  A howler monkey zombie (D:5)
  Robin (D:3)
  6 gnolls (D:3)
  18 adders
  4 shadow imps
  An ooze (D:2)
  2 adder zombies
  2 adder skeletons
  2 dart slugs
  9 leopard geckos
  27 orcs
  6 giant cockroaches
  9 hobgoblins
  2 jackals
  6 kobolds
  5 quokkas
  9 bats
  7 frilled lizards
  13 goblins
  A jackal zombie (D:6)
  A quokka skeleton (D:5)
  2 rats
  2 fungi (D:5)
260 creatures vanquished.

Vanquished Creatures (collateral kills)
  Grinder (D:3)
  A hungry ghost (D:9)
  2 wights (D:6)
  A gnoll (D:3)
  An adder (D:5)
  An ooze (D:6)
  An orc (D:9)
  A hobgoblin (D:3)
  A rat (D:3)
10 creatures vanquished.

Vanquished Creatures (others)
  A jackal (D:8)
  10 fungi
  7 plants (D:9)
18 creatures vanquished.

Grand Total: 288 creatures vanquished

Notes
Turn   | Place    | Note
-------+----------+-------------------------------------------
     0 | D:1      | Gukra the Draconian Wizard began the quest for the Orb.
     0 | D:1      | Reached XP level 1. HP: 14/14 MP: 4/4
   439 | D:1      | Reached XP level 2. HP: 20/20 MP: 3/6
   847 | D:2      | Reached XP level 3. HP: 17/26 MP: 0/8
  1041 | D:2      | Noticed Sigmund
  1051 | D:2      | Learned a level 2 spell: Call Imp
  1054 | D:2      | Learned a level 2 spell: Blink
  1058 | D:2      | Learned a level 3 spell: Mephitic Cloud
  1222 | D:3      | Reached skill level 4 in Spellcasting
  1245 | D:3      | Found a runed door.
  1246 | D:3      | Noticed Crazy Yiuf
  1257 | D:3      | Killed Crazy Yiuf
  1257 | D:3      | Reached XP level 4. HP: 30/33 MP: 1/10
  1369 | D:3      | Noticed Robin
  1417 | D:3      | Killed Robin
  1595 | D:3      | Noticed Grinder
  1601 | D:3      | Paralysed by Grinder for 5 turns
  1606 | D:3      | Noticed Ijyb
  1676 | D:3      | Killed Ijyb
  1676 | D:3      | Reached XP level 5. HP: 38/38 MP: 1/11
  2400 | D:3      | Paralysed by Grinder for 3 turns
  2426 | D:3      | Paralysed by Grinder for 6 turns
  2558 | D:2      | Killed Sigmund
  2558 | D:2      | Reached skill level 5 in Spellcasting
  2558 | D:2      | Reached XP level 6. HP: 38/46 MP: 11/13
  2573 | D:2      | Found a bloodstained altar of Trog.
  3074 | D:3      | Killed Grinder
  3074 | D:3      | Your scales start taking on a lurid green colour.
  3074 | D:3      | Reached XP level 7. HP: 45/51 MP: 1/15
  3074 | D:3      | Gained mutation: Your system is resistant to poisons. (rPois) [Green Draconian growth]
  3118 | D:4      | Noticed Eustachio
  3228 | D:4      | Noticed Blork the orc
  3249 | D:3      | Reached skill level 5 in Conjurations
  3403 | D:3      | Killed Eustachio
  3471 | D:4      | Found a sparkling altar of Nemelex Xobeh.
  3471 | D:4      | Found an ancient bone altar of Kikubaaqudgha.
  3517 | D:4      | Killed Blork the orc
  3687 | D:4      | Found a snail-covered altar of Cheibriados.
  3721 | D:4      | Found a radiant altar of Vehumet.
  3724 | D:4      | Found a bloodstained altar of Trog.
  3730 | D:4      | Became a worshipper of Vehumet
  3736 | D:4      | Found an iron altar of Okawaru.
  3739 | D:4      | Found a burning altar of Makhleb.
  3849 | D:4      | Reached skill level 1 in Fighting
  4002 | D:4      | Found a basalt altar of Yredelemnul.
  4157 | D:4      | Reached skill level 6 in Spellcasting
  4206 | D:4      | Found Rawateod's General Store.
  4209 | D:4      | Bought a potion of curing for 36 gold pieces
  4209 | D:4      | Bought a scroll of noise for 12 gold pieces
  4209 | D:4      | Bought a scroll of identify for 24 gold pieces
  4414 | D:5      | Entered Level 5 of the Dungeon
  4435 | D:5      | Reached skill level 1 in Shields
  4450 | D:5      | Reached XP level 8. HP: 51/59 MP: 5/17
  4726 | D:5      | Reached skill level 1 in Staves
  4764 | D:5      | Reached * piety under Vehumet
  4764 | D:5      | Offered knowledge of Freeze by Vehumet.
  4768 | D:5      | Learned a level 1 spell: Freeze
  4924 | D:5      | Learned a level 3 spell: Confuse
  4959 | D:5      | Found a sacrificial altar of Ru.
  4997 | D:5      | Found a white marble altar of Elyvilon.
  5025 | D:5      | Noticed Menkaure
  5072 | D:5      | Killed Menkaure
  6076 | D:6      | Noticed Dowan
  6078 | D:6      | Noticed Duvessa
  6092 | D:6      | Killed Dowan
  6149 | D:6      | Reached ** piety under Vehumet
  6149 | D:6      | Offered knowledge of Sandblast by Vehumet.
  6152 | D:6      | Killed Duvessa
  6152 | D:6      | Reached skill level 1 in Ice Magic
  6152 | D:6      | Reached XP level 9. HP: 63/69 MP: 15/19
  6155 | D:6      | Learned a level 1 spell: Sandblast
  6956 | D:6      | Reached skill level 7 in Spellcasting
  7283 | D:7      | Reached skill level 1 in Earth Magic
  7365 | D:7      | Found a staircase to the Ecumenical Temple.
  7691 | D:7      | You fall through a shaft for 2 floors!
  7691 | D:9      | Found a staircase to the Orcish Mines.
  7870 | D:9      | Reached skill level 8 in Spellcasting
  7884 | D:9      | Offered knowledge of Stone Arrow by Vehumet.
  8344 | D:9      | Reached *** piety under Vehumet
  8388 | D:9      | Found Eteles's Assorted Antiques.
  8395 | D:9      | Bought an amethyst potion for 26 gold pieces
  8395 | D:9      | Bought a steel ring for 145 gold pieces
  8401 | D:9      | Learned a level 3 spell: Stone Arrow
  8437 | D:9      | Noticed jjjjhere's ghost (journeyman DsGl)
  8506 | D:8      | Reached skill level 1 in Short Blades
  8514 | D:8      | Noticed Maurice
  9271 | D:8      | Killed Maurice
  9271 | D:8      | Reached XP level 10. HP: 76/78 MP: 11/22
  9285 | D:8      | Reached skill level 1 in Hexes
  9469 | D:8      | Offered knowledge of Ignite Poison by Vehumet.
  9474 | D:8      | Learned a level 3 spell: Ignite Poison
  9725 | D:8      | Reached skill level 9 in Spellcasting
  9772 | D:8      | Noticed a two-headed ogre
  9782 | D:8      | Killed a two-headed ogre
  9958 | D:8      | Noticed Prince Ribbit
  9973 | D:8      | Killed Prince Ribbit
 10407 | D:9      | Found a staircase to the Lair.
 10410 | D:9      | Reached skill level 5 in Earth Magic
 10724 | Lair:1   | Entered Level 1 of the Lair of Beasts
 10724 | Lair:1   | Noticed a spiny frog
 10728 | Lair:1   | Killed a spiny frog
 10821 | Lair:1   | Found a glowing golden altar of the Shining One.
 10828 | Lair:1   | Reached **** piety under Vehumet
 10877 | Lair:1   | Reached XP level 11. HP: 70/83 MP: 24/24
 11292 | Lair:1   | Offered knowledge of Fireball by Vehumet.
 11299 | Lair:1   | Learned a level 5 spell: Fireball
 11535 | Lair:2   | Found a staircase to the Swamp.
 11537 | Lair:2   | Reached skill level 1 in Fire Magic
 12376 | Lair:3   | Found a hole to the Spider Nest.
 12422 | Lair:3   | Found a frozen archway.
 12437 | Lair:3   | Reached skill level 10 in Spellcasting
 12612 | IceCv    | Entered an ice cave
 12695 | IceCv    | Noticed a white ugly thing
 12706 | IceCv    | Killed a white ugly thing
 13208 | IceCv    | Noticed a white ugly thing
 13278 | IceCv    | Killed a white ugly thing
 13377 | IceCv    | Identified the Incunabulum of Bewitching Intoxication
 13504 | Lair:3   | Slain by a black mamba

Skill      XL: |  1  2  3  4  5  6  7  8  9 10 11 |
---------------+----------------------------------+-----
Dodging        | 2 3 4 |  4.4
Spellcasting   | 4 5 6 8 9 10 | 10.3
Conjurations   | 2 3 4 5 6 8 9 |  9.5
Summonings     | 2 3 4 |  4.6
Fighting       | 1 3 4 |  4.2
Shields        | 1 3 |  3.6
Staves         | 1 |  1.0
Ice Magic      | 1 |  1.0
Earth Magic    | 3 5 6 |  6.4
Short Blades   | 1 |  1.0
Hexes          | 2 3 |  3.1
Fire Magic     | 2 |  2.5
Stealth        | |  1.7
Translocations | |  1.1
Air Magic      | |  0.4
Poison Magic   | |  0.8
Evocations     | |  0.4

Action                   |  1- 3 |  4- 6 |  7- 9 | 10-12 || total
-------------------------+-------+-------+-------+-------++-------
Melee: Unarmed           |    18 |    16 |       |       ||    34
       Tailslap          |     6 |    12 |    31 |    12 ||    61
       Dagger            |     9 |    61 |   260 |   167 ||   497
       War axe           |       |       |   101 |       ||   101
       Quarterstaff      |       |       |    28 |       ||    28
Throw: Tomahawk          |       |       |     2 |       ||     2
 Cast: Magic Dart        |    57 |    90 |   175 |    49 ||   371
       Call Imp          |     2 |    10 |    29 |     6 ||    47
       Mephitic Cloud    |     1 |     9 |    34 |     4 ||    48
       Blink             |       |     1 |       |     4 ||     5
       Freeze            |       |       |     4 |       ||     4
       Sandblast         |       |       |    30 |     6 ||    36
       Stone Arrow       |       |       |    11 |    98 ||   109
       Confuse           |       |       |     3 |     3 ||     6
       Fireball          |       |       |       |    28 ||    28
 Abil: Breathe Noxious F |       |       |    26 |    11 ||    37
Evoke: Wand              |       |       |       |     1 ||     1
  Use: Scroll            |     7 |     3 |     9 |     5 ||    24
       Potion            |       |       |       |     6 ||     6
 Stab: Confused          |     1 |     9 |    18 |    11 ||    39
       Sleeping          |       |       |     2 |     1 ||     3
  Eat: Chunk             |     1 |     5 |    20 |    11 ||    37
       Fruit             |       |       |     2 |     1 ||     3
       Meat ration       |       |       |     1 |       ||     1
       Bread ration      |       |       |       |     2 ||     2
Armor: Skin              |     3 |    17 |    88 |    68 ||   176
Dodge: Dodged            |    26 |    47 |   214 |   109 ||   396
Block: Buckler           |       |       |    40 |    29 ||    69
